2869 views
Uploaded 2020-03-28 03:04:30
Game version 1.32.3
32:14 long 1on1 ladder game on (3)NomadIsles
Saved by BEARAND
2869 views
Uploaded 2020-03-28 03:04:30
Game version 1.32.3
32:14 long 1on1 ladder game on (3)NomadIsles

29 units @ 3.3k
/ 0.3k
161 buildings @ 7k
/ 4.1k



| Staff of Sanctuary | 3 | 750 |
| Orb of Fire | 3 | 975 |
| Potion of Healing | 2 | 300 |
| Potion of Mana | 1 | 200 |
| Scroll of Healing | 1 | 250 |
| Boots of Speed | 3 | 750 |
| Staff of Teleportation | 3 | 450 |
| Periapt of Vitality | 1 | 325 |
| total: | 17 | 4000g |
| Peasant | 21 | 1575 | / | 0 |
| Dragonhawk Rider | 4 | 800 | / | 120 |
| Priest | 2 | 270 | / | 20 |
| Goblin Shredder | 1 | 375 | / | 100 |
| Goblin Zeppelin | 1 | 240 | / | 60 |
| total: | 29 | 3260g | / | 300w |
| Scout Tower | 143 | 4290 | / | 2860 |
| Arcane Tower | 3 | 210 | / | 150 |
| Guard Tower | 92 | 6440 | / | 4600 |
| Altar of Kings | 1 | 180 | / | 50 |
| Farm | 6 | 480 | / | 120 |
| Lumber Mill | 1 | 120 | / | 0 |
| Town Hall | 2 | 770 | / | 410 |
| Arcane Vault | 2 | 260 | / | 60 |
| Blacksmith | 1 | 140 | / | 60 |
| Barracks | 2 | 320 | / | 120 |
| Gryphon Aviary | 2 | 280 | / | 300 |
| Arcane Sanctum | 1 | 150 | / | 140 |
| Keep | 1 | 320 | / | 210 |
| Castle | 1 | 360 | / | 210 |
| total: | 161 | 6990g | / | 4120w |
| 0:02 | Peasant |
| 0:02 | Peasant |
| 0:12 | Altar of Kings |
| 0:19 | Farm |
| 0:23 | Lumber Mill |
| 0:24 | Peasant |
| 0:30 | Scout Tower |
| 0:31 | Peasant |
| 0:49 | Peasant |
| 1:15 | Peasant |
| 1:16 | Peasant |
| 1:19 | Farm |
| 1:20 | Peasant |
| 1:23 | Peasant |
| 1:25 | Peasant |
| 1:33 | Scout Tower |
| 1:37 | Peasant |
| 1:41 | Arcane Tower |
| 2:05 | Guard Tower |
| 2:06 | Peasant |
| 2:06 | Peasant |
| 2:06 | Peasant |
| 2:11 | Blizzard |
| 2:31 | Peasant |
| 2:31 | Peasant |
| 3:02 | Brilliance Aura |
| 3:21 | Town Hall |
| 3:26 | Scout Tower |
| 4:00 | Arcane Tower |
| 4:02 | Scout Tower |
| 4:03 | Scout Tower |
| 4:04 | Scout Tower |
| 4:12 | Boots of Speed |
| 4:13 | Staff of Teleportation |
| 4:24 | Scout Tower |
| 4:24 | Keep |
| 4:32 | Guard Tower |
| 5:15 | Guard Tower |
| 5:18 | Guard Tower |
| 5:19 | Scout Tower |
| 5:20 | Scout Tower |
| 5:20 | Scout Tower |
| 5:21 | Scout Tower |
| 5:25 | Scout Tower |
| 5:25 | Scout Tower |
| 5:26 | Scout Tower |
| 5:27 | Scout Tower |
| 5:36 | Guard Tower |
| 5:37 | Peasant |
| 5:37 | Peasant |
| 5:37 | Peasant |
| 5:39 | Scout Tower |
| 5:42 | Scout Tower |
| 5:43 | Scout Tower |
| 5:43 | Scout Tower |
| 5:52 | Guard Tower |
| 6:03 | Improved Masonry |
| 6:12 | Guard Tower |
| 6:40 | Guard Tower |
| 7:06 | Blizzard |
| 7:26 | Guard Tower |
| 7:28 | Peasant |
| 7:28 | Peasant |
| 7:47 | Guard Tower |
| 8:28 | Storm Bolt |
| 8:36 | Castle |
| 8:38 | Improved Lumber Harvesting |
| 9:01 | Goblin Shredder |
| 9:07 | Guard Tower |
| 9:10 | Arcane Vault |
| 9:29 | Advanced Masonry |
| 9:44 | Boots of Speed |
| 9:45 | Staff of Teleportation |
| 9:46 | Periapt of Vitality |
| 9:46 | Scroll of Healing |
| 9:58 | Bash |
| 10:27 | Guard Tower |
| 10:27 | Guard Tower |
| 10:31 | Arcane Vault |
| 10:32 | Scout Tower |
| 10:33 | Scout Tower |
| 10:33 | Scout Tower |
| 10:34 | Scout Tower |
| 10:38 | Scout Tower |
| 10:38 | Scout Tower |
| 10:38 | Scout Tower |
| 10:40 | Scout Tower |
| 10:40 | Scout Tower |
| 10:41 | Scout Tower |
| 10:41 | Scout Tower |
| 10:42 | Scout Tower |
| 11:06 | Farm |
| 11:17 | Farm |
| 11:17 | Farm |
| 11:18 | Farm |
| 11:37 | Brilliance Aura |
| 11:42 | Guard Tower |
| 11:54 | Staff of Sanctuary |
| 11:55 | Orb of Fire |
| 12:04 | Staff of Sanctuary |
| 12:05 | Orb of Fire |
| 12:20 | Potion of Healing |
| 12:24 | Guard Tower |
| 12:27 | Guard Tower |
| 12:28 | Guard Tower |
| 12:38 | Holy Light |
| 12:42 | Potion of Mana |
| 12:43 | Potion of Healing |
| 13:40 | Guard Tower |
| 13:41 | Guard Tower |
| 13:53 | Gryphon Aviary |
| 13:54 | Gryphon Aviary |
| 13:56 | Blacksmith |
| 13:58 | Barracks |
| 13:58 | Guard Tower |
| 14:36 | Divine Shield |
| 14:44 | Storm Bolt |
| 15:14 | Arcane Sanctum |
| 15:15 | Imbued Masonry |
| 15:27 | Town Hall |
| 15:30 | Scout Tower |
| 15:31 | Scout Tower |
| 15:32 | Scout Tower |
| 15:32 | Scout Tower |
| 15:33 | Scout Tower |
| 15:34 | Scout Tower |
| 15:34 | Scout Tower |
| 15:49 | Staff of Sanctuary |
| 15:50 | Orb of Fire |
| 16:09 | Cloud |
| 16:09 | Storm Hammers |
| 16:11 | Iron Forged Swords |
| 16:11 | Studded Leather Armor |
| 16:15 | Guard Tower |
| 16:17 | Barracks |
| 16:30 | Dragonhawk Rider |
| 16:33 | Scout Tower |
| 16:34 | Scout Tower |
| 16:35 | Scout Tower |
| 16:36 | Scout Tower |
| 17:13 | Arcane Tower |
| 17:14 | Guard Tower |
| 17:16 | Magic Sentry |
| 17:16 | Priest |
| 17:18 | Dragonhawk Rider |
| 17:19 | Dragonhawk Rider |
| 17:20 | Guard Tower |
| 18:14 | Guard Tower |
| 18:15 | Steel Forged Swords |
| 18:15 | Reinforced Leather Armor |
| 18:20 | Animal War Training |
| 18:24 | Scout Tower |
| 18:26 | Scout Tower |
| 18:26 | Scout Tower |
| 18:27 | Scout Tower |
| 18:27 | Scout Tower |
| 18:27 | Scout Tower |
| 18:28 | Scout Tower |
| 18:28 | Scout Tower |
| 18:29 | Scout Tower |
| 18:29 | Scout Tower |
| 18:30 | Scout Tower |
| 18:30 | Scout Tower |
| 18:32 | Scout Tower |
| 18:32 | Scout Tower |
| 18:43 | Boots of Speed |
| 18:53 | Staff of Teleportation |
| 18:59 | Guard Tower |
| 19:00 | Guard Tower |
| 19:00 | Guard Tower |
| 19:01 | Guard Tower |
| 19:04 | Scout Tower |
| 19:04 | Scout Tower |
| 19:05 | Scout Tower |
| 19:05 | Scout Tower |
| 19:06 | Scout Tower |
| 19:06 | Scout Tower |
| 19:07 | Scout Tower |
| 19:09 | Guard Tower |
| 19:22 | Holy Light |
| 19:33 | Dragonhawk Rider |
| 19:37 | Priest Adept Training |
| 19:37 | Priest |
| 19:38 | Sorceress Adept Training |
| 20:13 | Mithril Forged Swords |
| 20:36 | Guard Tower |
| 20:37 | Guard Tower |
| 20:42 | Priest Master Training |
| 21:08 | Bash |
| 21:13 | Blizzard |
| 21:18 | Goblin Zeppelin |
| 22:23 | Divine Shield |
| 25:16 | Scout Tower |
| 25:17 | Scout Tower |
| 25:18 | Scout Tower |
| 25:18 | Scout Tower |
| 25:19 | Scout Tower |
| 25:20 | Scout Tower |
| 25:30 | Scout Tower |
| 25:30 | Scout Tower |
| 25:31 | Scout Tower |
| 25:31 | Scout Tower |
| 25:42 | Guard Tower |
| 25:44 | Scout Tower |
| 25:45 | Scout Tower |
| 25:47 | Scout Tower |
| 25:48 | Guard Tower |
| 25:51 | Scout Tower |
| 25:53 | Scout Tower |
| 25:54 | Scout Tower |
| 25:55 | Scout Tower |
| 26:00 | Guard Tower |
| 26:01 | Guard Tower |
| 26:02 | Scout Tower |
| 26:03 | Scout Tower |
| 26:03 | Guard Tower |
| 26:04 | Scout Tower |
| 26:05 | Guard Tower |
| 26:12 | Guard Tower |
| 26:12 | Scout Tower |
| 26:16 | Guard Tower |
| 26:18 | Scout Tower |
| 26:23 | Scout Tower |
| 26:24 | Guard Tower |
| 26:25 | Guard Tower |
| 26:26 | Guard Tower |
| 26:27 | Scout Tower |
| 26:27 | Scout Tower |
| 26:32 | Guard Tower |
| 26:33 | Scout Tower |
| 26:34 | Guard Tower |
| 26:34 | Guard Tower |
| 26:36 | Scout Tower |
| 26:38 | Scout Tower |
| 26:43 | Scout Tower |
| 26:43 | Guard Tower |
| 26:45 | Guard Tower |
| 26:47 | Scout Tower |
| 26:51 | Guard Tower |
| 26:52 | Scout Tower |
| 26:56 | Guard Tower |
| 26:56 | Scout Tower |
| 26:57 | Guard Tower |
| 26:59 | Guard Tower |
| 27:00 | Scout Tower |
| 27:01 | Scout Tower |
| 27:06 | Scout Tower |
| 27:07 | Guard Tower |
| 27:08 | Guard Tower |
| 27:10 | Scout Tower |
| 27:10 | Guard Tower |
| 27:11 | Scout Tower |
| 27:12 | Guard Tower |
| 27:13 | Scout Tower |
| 27:19 | Guard Tower |
| 27:21 | Scout Tower |
| 27:22 | Guard Tower |
| 27:23 | Scout Tower |
| 27:24 | Guard Tower |
| 27:24 | Scout Tower |
| 27:28 | Guard Tower |
| 27:28 | Guard Tower |
| 27:29 | Scout Tower |
| 27:30 | Scout Tower |
| 27:37 | Scout Tower |
| 27:38 | Guard Tower |
| 27:39 | Guard Tower |
| 27:40 | Scout Tower |
| 27:42 | Guard Tower |
| 27:42 | Guard Tower |
| 27:43 | Scout Tower |
| 27:44 | Scout Tower |
| 27:46 | Guard Tower |
| 27:47 | Scout Tower |
| 27:49 | Scout Tower |
| 27:50 | Guard Tower |
| 27:52 | Scout Tower |
| 27:52 | Guard Tower |
| 27:53 | Guard Tower |
| 27:54 | Scout Tower |
| 27:56 | Scout Tower |
| 27:57 | Scout Tower |
| 27:58 | Scout Tower |
| 27:59 | Guard Tower |
| 28:01 | Scout Tower |
| 28:10 | Guard Tower |
| 28:11 | Scout Tower |
| 28:13 | Guard Tower |
| 28:14 | Scout Tower |
| 28:14 | Guard Tower |
| 28:15 | Guard Tower |
| 28:16 | Scout Tower |
| 28:16 | Scout Tower |
| 28:17 | Scout Tower |
| 28:18 | Guard Tower |
| 28:19 | Scout Tower |
| 28:20 | Guard Tower |
| 28:21 | Scout Tower |
| 28:22 | Guard Tower |
| 28:23 | Scout Tower |
| 28:23 | Guard Tower |
| 28:28 | Guard Tower |
| 28:29 | Guard Tower |
| 28:40 | Guard Tower |
| 29:08 | Storm Bolt |
| 29:15 | Scout Tower |
| 29:42 | Mass Teleport |
| 30:22 | Holy Light |
| 31:30 | Guard Tower |
| 31:32 | Guard Tower |
| 31:33 | Guard Tower |
| 31:59 | Scout Tower |
| 32:01 | Scout Tower |
| 32:01 | Scout Tower |
| 32:02 | Scout Tower |
| 32:03 | Scout Tower |
| 32:03 | Scout Tower |
| 32:04 | Scout Tower |
| 32:05 | Scout Tower |
| 32:05 | Scout Tower |
| 32:07 | Scout Tower |
| 32:08 | Scout Tower |
| 32:09 | Scout Tower |
| 32:10 | Scout Tower |
| 32:11 | Scout Tower |
| 32:11 | Scout Tower |
| 32:12 | Scout Tower |
| Right click | 2090 |
| Select | 850 |
| Select group | 348 |
| Build/train/purchase | 237 |
| Chat | 235 |
| Use ability | 107 |
| Misc. action | 48 |
| Assign group | 24 |
| Item give/drop | 17 |
| Remove unit | 3 |
| Esc | 1 |
/ 1.2k
31 buildings @ 3.2k
/ 1.4k
| Peasant | 17 | 1275 | / | 0 |
| Footman | 31 | 4185 | / | 0 |
| Rifleman | 17 | 3485 | / | 510 |
| Flying Machine | 2 | 200 | / | 60 |
| Knight | 9 | 2205 | / | 540 |
| Gryphon Rider | 1 | 280 | / | 70 |
| total: | 77 | 11630g | / | 1180w |
| Scout Tower | 9 | 270 | / | 180 |
| Arcane Tower | 3 | 210 | / | 150 |
| Barracks | 3 | 480 | / | 180 |
| Farm | 12 | 960 | / | 240 |
| Lumber Mill | 1 | 120 | / | 0 |
| Blacksmith | 1 | 140 | / | 60 |
| Town Hall | 2 | 770 | / | 410 |
| Altar of Kings | 1 | 180 | / | 50 |
| Workshop | 1 | 140 | / | 140 |
| Gryphon Aviary | 1 | 140 | / | 150 |
| Keep | 1 | 320 | / | 210 |
| Castle | 1 | 360 | / | 210 |
| total: | 31 | 3200g | / | 1410w |
| 0:18 | Peasant |
| 0:19 | Peasant |
| 0:19 | Peasant |
| 0:20 | Peasant |
| 0:20 | Peasant |
| 0:21 | Peasant |
| 0:21 | Peasant |
| 1:13 | Barracks |
| 1:27 | Barracks |
| 1:42 | Scout Tower |
| 1:53 | Farm |
| 2:02 | Scout Tower |
| 2:16 | Scout Tower |
| 2:30 | Lumber Mill |
| 3:02 | Blacksmith |
| 3:06 | Footman |
| 3:06 | Footman |
| 3:07 | Footman |
| 3:07 | Footman |
| 3:08 | Footman |
| 3:08 | Footman |
| 3:08 | Footman |
| 3:24 | Farm |
| 3:34 | Farm |
| 3:37 | Footman |
| 3:53 | Improved Masonry |
| 4:14 | Footman |
| 5:32 | Rifleman |
| 5:32 | Rifleman |
| 5:33 | Rifleman |
| 5:34 | Footman |
| 5:34 | Footman |
| 5:48 | Footman |
| 6:56 | Town Hall |
| 7:07 | Keep |
| 7:41 | Farm |
| 7:47 | Farm |
| 8:01 | Rifleman |
| 8:02 | Rifleman |
| 10:38 | Workshop |
| 10:43 | Iron Plating |
| 10:47 | Long Rifles |
| 10:51 | Footman |
| 10:51 | Footman |
| 10:51 | Footman |
| 10:52 | Footman |
| 10:53 | Footman |
| 10:53 | Footman |
| 11:30 | Improved Lumber Harvesting |
| 11:36 | Peasant |
| 11:43 | Studded Leather Armor |
| 11:48 | Rifleman |
| 11:49 | Rifleman |
| 12:03 | Scout Tower |
| 12:44 | Scout Tower |
| 12:51 | Footman |
| 12:51 | Footman |
| 12:52 | Footman |
| 13:09 | Altar of Kings |
| 14:30 | Town Hall |
| 15:18 | Scout Tower |
| 15:23 | Footman |
| 15:24 | Footman |
| 15:25 | Rifleman |
| 15:28 | Steel Plating |
| 15:30 | Reinforced Leather Armor |
| 15:30 | Iron Forged Swords |
| 15:31 | Black Gunpowder |
| 16:06 | Farm |
| 16:27 | Scout Tower |
| 16:38 | Advanced Masonry |
| 16:54 | Farm |
| 17:10 | Scout Tower |
| 18:20 | Castle |
| 18:28 | Footman |
| 18:28 | Footman |
| 18:28 | Rifleman |
| 18:29 | Rifleman |
| 18:51 | Footman |
| 18:51 | Footman |
| 18:51 | Footman |
| 19:05 | Barracks |
| 20:01 | Flying Machine |
| 20:13 | Rifleman |
| 20:13 | Rifleman |
| 20:14 | Footman |
| 20:14 | Footman |
| 20:32 | Flying Machine |
| 20:47 | Sundering Blades |
| 20:51 | Animal War Training |
| 20:56 | Knight |
| 21:27 | Gryphon Aviary |
| 22:45 | Knight |
| 22:45 | Knight |
| 22:46 | Knight |
| 22:58 | Knight |
| 23:04 | Peasant |
| 23:05 | Peasant |
| 23:05 | Peasant |
| 23:26 | Knight |
| 23:26 | Knight |
| 23:26 | Knight |
| 23:26 | Knight |
| 23:36 | Scout Tower |
| 23:40 | Peasant |
| 23:55 | Mithril Plating |
| 23:58 | Refined Gunpowder |
| 24:51 | Advanced Lumber Harvesting |
| 25:14 | Rifleman |
| 25:14 | Rifleman |
| 25:22 | Rifleman |
| 25:53 | Gryphon Rider |
| 26:10 | Footman |
| 26:14 | Rifleman |
| 27:12 | Peasant |
| 27:13 | Peasant |
| 27:13 | Peasant |
| 27:14 | Peasant |
| 27:14 | Peasant |
| 27:16 | Rifleman |
| 28:00 | Farm |
| 28:14 | Farm |
| 28:23 | Farm |
| 28:47 | Farm |
| 30:37 | Farm |
| 30:56 | Arcane Tower |
| 30:59 | Arcane Tower |
| 31:01 | Arcane Tower |
| Select | 238 |
| Right click | 122 |
| Build/train/purchase | 107 |
| Use ability | 17 |
| Chat | 9 |
| Misc. action | 5 |
| Remove unit | 5 |
| Esc | 2 |